Map: 로맨티사이드 - 래더

Players

Stats - Winner!

  • Race: Protoss Protoss
  • Spawn Location: 5:00

Harstem

  • Race: Protoss Protoss
  • Spawn Location: 11:00

Event: StayAtHome Story Cup #3

VOD

Have the link to the VOD?

Description

Time

  • Played on: March 11, 2021, 7:11 a.m.
  • Length: 4:50

All games in this series

Show
View Real Time Build Order
Export as new Build Order

Stats Protoss - Winner!

Build Orders:  

Get SALT Encoding   

  12  0:00  Probe  
  13  0:12  Probe  
  14  0:17  Pylon  
  14  0:24  Probe (Chrono Boost)  
  15  0:36  Probe (Chrono Boost), Gateway  
  16  0:44  Probe (Chrono Boost)  
  16  0:45  Assimilator  
  17  0:51  Probe  
  17  0:55  Assimilator  
  18  1:03  Probe (Chrono Boost)  
  19  1:07  Gateway  
  19  1:14  Probe (Chrono Boost)  
  20  1:19  Probe (Chrono Boost)  
  20  1:24  Cybernetics Core  
  21  1:29  Probe  
  22  1:34  Pylon  
  22  1:41  Probe  
  23  1:53  Probe  
  24  1:58  Warp Gate (Chrono Boost)  
  24  2:00  Stalker x2  
  28  2:05  Probe  
  29  2:13  Pylon  
  29  2:31  Stalker x2  
  33  2:42  Gateway  
  33  3:01  Stalker x2  
  37  3:12  Pylon  
  37  3:30  Pylon  
  37  3:40  Stalker x3  
  43  3:50  Shield Battery  
  43  3:51  Shield Battery  
  43  3:53  Shield Battery  
  41  4:05  Stalker x2  
  41  4:07  Stalker  
  47  4:29  Stalker x2  
  47  4:30  Stalker  
Show
View Real Time Build Order
Export as new Build Order

Harstem Protoss 

Build Orders: Dark Templar Rush 

Get SALT Encoding   

  12  0:01  Probe  
  13  0:13  Probe  
  14  0:20  Pylon  
  14  0:25  Probe  
  15  0:38  Probe (Chrono Boost)  
  15  0:41  Gateway  
  16  0:48  Probe (Chrono Boost), Assimilator  
  17  0:53  Probe (Chrono Boost)  
  18  0:58  Assimilator  
  18  1:04  Probe  
  18  1:07  Pylon  
  19  1:18  Probe  
  20  1:28  Cybernetics Core  
  23  1:46  Nexus  
  20  1:49  Probe  
  21  2:01  Probe  
  22  2:02  Stalker (Chrono Boost)  
  22  2:06  Warp Gate  
  24  2:13  Probe  
  25  2:20  Pylon  
  25  2:25  Probe  
  25  2:26  Sentry  
  28  2:33  Gateway  
  28  2:37  Probe (Chrono Boost)  
  28  2:45  Shield Battery  
  28  2:48  Probe (Chrono Boost)  
  29  2:53  Stalker  
  29  2:55  Probe  
  32  2:59  Probe  
  33  3:09  Twilight Council  
  33  3:14  Probe  
  33  3:17  Probe  
  35  3:26  Stalker (Chrono Boost)  
  38  3:33  Shield Battery  
  37  3:36  Stalker (Chrono Boost)  
  37  3:39  Probe  
  41  3:52  Probe  
  41  3:54  Dark Shrine, Shield Battery  
  41  3:55  Probe  
  40  4:02  Stalker  
  40  4:07  Shield Battery  
  42  4:12  Stalker  
  34  4:32  Zealot  
  34  4:33  Probe  
  34  4:38  Gateway  
Tags
 
Add a new tag
Caveats
  • Supply blocks, unpowered buildings, or Contaminate may cause inaccurate times.
  • Supply counts are checked every 10 seconds.